 Dungeon Sprint DCSS version 0.30-a0-540-g0af01429fa (webtiles) character file.

Game seed: 8426324215666571406

1514 rocky1 the Imperceptible (level 8, -1/67 HPs)
             Began as a Naga Brigand on Dec 26, 2022.
             Was a Follower of Cheibriados.
             Shot with an arrow by a centaur warrior (7 damage)
             ... in the Dungeon (Sprint I: "Red Sonja").
             The game lasted 00:02:50 (696 turns).

rocky1 the Imperceptible (Naga Brigand)              Turns: 696, Time: 00:02:50

Health: -1/67      AC:  4    Str: 16    XL:     8   Next: 83%
Magic:  13/13      EV:  9    Int: 13    God:    Cheibriados [*.....]
Gold:   482        SH:  0    Dex: 17    Spells: 7/7 levels left

rFire   . . .      SeeInvis +    n - +2 dagger (venom)
rCold   . . .      Faith    .    (no shield)
rNeg    + . .      Spirit   .    b - +0 robe
rPois   +          Reflect  .    (no helmet)
rElec   .          Harm     .    c - +0 cloak
rCorr   .          Rampage  .    (no gloves)
Will    +....      NoTele   +    (no barding)
Stlth   ++++++++                 (no amulet)
HPRegen 0.31/turn                q - ring of positive energy
MPRegen 0.13/turn                (no ring)

@: very slow
A: AC +2, large, see invisible, deformed body, poison resistance, slowness 2,
spit poison 1, naga tail 1
a: Spit Poison, Renounce Religion, Bend Time


You were in the Dungeon.
You worshipped Cheibriados.
Cheibriados was aware of your devotion.
You visited 1 branch You collected 731 gold pieces.
You spent 249 gold pieces at shops.

Inventory:

Hand Weapons
 a - a +2 dagger
 n - a +2 dagger of venom (weapon)
Missiles
 d - 9 poisoned darts (quivered)
 e - 7 curare-tipped darts
Armour
 b - a +0 robe (worn)
 c - a +0 cloak (worn)
Jewellery
 q - a ring of positive energy (left hand)
Wands
 l - a wand of polymorph (10)
 o - a wand of iceblast (17)
Scrolls
 k - a scroll of blinking
 m - a scroll of poison
 r - a scroll of identify
Potions
 f - 4 potions of curing
 g - a potion of heal wounds
 h - a potion of haste
 i - 3 potions of magic
 j - a potion of berserk rage
 p - 2 potions of flight


   Skills:
 - Level 2.0 Fighting
 + Level 10.7 Short Blades
 - Level 1.7 Throwing
 - Level 0.7 Dodging
 * Level 22.3 Stealth
 + Level 6.8 Invocations


You had 7 spell levels left.
You didn't know any spells.
Your spell library was empty.

Dungeon Overview and Level Annotations

Branches:
Dungeon (1/1)

Altars:
Cheibriados
Dithmenos
Elyvilon
Fedhas
Gozag
Hepliaklqana
Kikubaaqudgha
Nemelex Xobeh
Okawaru
Qazlal
Ru
Sif Muna
Trog
Uskayaw
Vehumet
Wu Jian
Yredelemnul
Zin
The Shining One

Shops:
D ?*[


Innate Abilities, Weirdness & Mutations

Your serpentine skin is tough. (AC +2)
You have supernaturally acute eyesight. (SInv)
Armour fits poorly on your strangely shaped body.
Your system is resistant to poisons. (rPois)
You cover ground very slowly.
You can spit poison.
You have a snake-like lower body.


Message History

You now have 385 gold pieces (gained 27).
You now have 412 gold pieces (gained 27).
You now have 439 gold pieces (gained 27).
You now have 466 gold pieces (gained 27).
You open the door.
Found 16 gold pieces and a scale mail.
Found Wumm's Armour Emporium.
There is an open door here.
You now have 482 gold pieces (gained 16).
There is an entrance to Wumm's Armour Emporium here.
There is an open door here.
You open the door.
Found a twisted scale mail, a potion of magic and a wand of iceblast (9).
Found 5 stones.
There is an open door, spattered with blood here.
You see here the +1 scale mail of the Lich-sworn {rN+ rCorr Int+4 Stlth-}.
o - a wand of iceblast (17) (gained 9 charges)
You see here the +1 scale mail of the Lich-sworn {rN+ rCorr Int+4 Stlth-}.
i - 3 potions of magic (gained 1)
You see here 5 stones.
You see here the +1 scale mail of the Lich-sworn {rN+ rCorr Int+4 Stlth-}.
Your library has no spells.
Unknown command.
Okay, then.
You open the door.
A centaur warrior comes into view.
The centaur warrior moves out of view.
A centaur warrior comes into view.
The centaur warrior moves out of view.
Found a ring mail and a book of Conjurations.
There is an open door here.
You enter the shallow water.
The centaur warrior shouts! x2
The centaur warrior wields a +0 shortbow.
The centaur warrior shoots an arrow.
The arrow hits you!!
The centaur warrior wields a +0 longbow.
The centaur warrior shoots an arrow.
The arrow hits you!!
The centaur warrior shoots an arrow.
The arrow hits you!!
* * * LOW HITPOINT WARNING * * *
The centaur warrior shoots an arrow.
The arrow hits you!
You die...

##############
.#..'..#.)'..#
.').#.)'..#..+
.#####'#####'# ###
.####..#...#.####[:#
.#__####..##.#§§§§c#
.#_____##'#_.+§§§§§+
⌠#_.∩...'..._#§§@§c#
##_..__##_.#'##§###
#_____###'#.#§§§(###
##########.####'###[##
........'...'.§.§.'.∩#
#++++####.).##########
G....####.###
.....G#.#'#.#
#..G..#.....#


You could see 2 centaur warriors.

Vanquished Creatures
  Sonja (D)
  A deep troll (D)
  Sigmund (D)
  A yak (D)
  An ogre (D)
  A jelly (D)
  Ijyb (D)
7 creatures vanquished.

Vanquished Creatures (others)
  2 ballistomycete spores (D)
2 creatures vanquished.

Grand Total: 9 creatures vanquished

Notes
Turn   | Place    | Note
-------+----------+-------------------------------------------
     0 | D        | rocky1 the Naga Brigand began the quest for the Orb.
     0 | D        | Reached XP level 1. HP: 19/19 MP: 1/1
     2 | D        | Noticed Ijyb
    24 | D        | Killed Ijyb
    25 | D        | Reached skill level 9 in Stealth
    25 | D        | Reached XP level 2. HP: 24/26 MP: 2/2
    25 | D        | Reached XP level 3. HP: 29/32 MP: 3/3
   463 | D        | Noticed an ogre
   466 | D        | Killed an ogre
   467 | D        | Reached skill level 5 in Short Blades
   467 | D        | Reached skill level 13 in Stealth
   467 | D        | Reached XP level 4. HP: 39/39 MP: 4/4
   478 | D        | Noticed Sigmund
   481 | D        | Killed Sigmund
   482 | D        | Reached skill level 16 in Stealth
   482 | D        | Reached XP level 5. HP: 45/45 MP: 5/5
   482 | D        | Reached XP level 6. HP: 52/52 MP: 6/6
   495 | D        | Found an ornate altar of the Wu Jian Council.
   495 | D        | Found a shimmering blue altar of Sif Muna.
   497 | D        | Found a radiant altar of Vehumet.
   540 | D        | Found Soumum's General Store.
   540 | D        | Found an ancient bone altar of Kikubaaqudgha.
   540 | D        | Found a hazy altar of Hepliaklqana.
   540 | D        | Found a stormy altar of Qazlal.
   540 | D        | Found a hide-covered altar of Uskayaw.
   540 | D        | Found a blossoming altar of Fedhas.
   540 | D        | Found a bloodstained altar of Trog.
   540 | D        | Found an iron altar of Okawaru.
   540 | D        | Found a basalt altar of Yredelemnul.
   540 | D        | Found a glowing golden altar of the Shining One.
   540 | D        | Found a snail-covered altar of Cheibriados.
   540 | D        | Found a sacrificial altar of Ru.
   540 | D        | Found a glowing silver altar of Zin.
   540 | D        | Found a shadowy altar of Dithmenos.
   540 | D        | Found a white marble altar of Elyvilon.
   540 | D        | Noticed a yak
   541 | D        | Found an opulent altar of Gozag.
   542 | D        | Killed a yak
   543 | D        | Reached skill level 18 in Stealth
   543 | D        | Reached XP level 7. HP: 60/60 MP: 7/7
   543 | D        | Found a sparkling altar of Nemelex Xobeh.
   549 | D        | Became a worshipper of Cheibriados the Contemplative
   554 | D        | Bought a +2 dagger of venom for 201 gold pieces
   564 | D        | Noticed Sonja
   568 | D        | Killed Sonja
   569 | D        | Reached skill level 20 in Stealth
   569 | D        | Reached skill level 5 in Invocations
   569 | D        | Reached XP level 8. HP: 67/67 MP: 7/11
   629 | D        | Found Nacetaas's Magic Scroll Boutique.
   637 | D        | Bought a scroll of identify for 24 gold pieces
   637 | D        | Bought a scroll of identify for 24 gold pieces
   640 | D        | Noticed a shining eye
   640 | D        | Noticed a shining eye
   640 | D        | Noticed a shining eye
   653 | D        | Noticed a deep troll
   657 | D        | Killed a deep troll
   657 | D        | Reached * piety under Cheibriados
   658 | D        | Reached skill level 10 in Short Blades
   658 | D        | Reached skill level 22 in Stealth
   673 | D        | Found Wumm's Armour Emporium.
   685 | D        | Identified the +1 scale mail of the Lich-sworn {rN+ rCorr
                  | Int+4 Stlth-}
   694 | D        | Noticed a centaur warrior
   695 | D        | Noticed a centaur warrior
   696 | D        | Shot with an arrow by a centaur warrior

Illustrated notes

Levels and vault maps discovered:
D:        dungeon_sprint_1 [red_sonja_temple_1, red_sonja_temple_small_1]

Skill      XL: |  1  2  3  4  5  6  7  8 |
---------------+-------------------------+-----
Short Blades   | 3 5 7 8 9 10 | 10.7
Stealth        | 9 13 16 18 20 22 | 22.3
Invocations    | 5 6 |  6.8
Fighting       | |  2.0
Throwing       | |  1.7
Dodging        | |  0.7

Action                   |  1- 3 |  4- 6 |  7- 9 || total
-------------------------+-------+-------+-------++-------
Melee: Dagger            |    21 |     3 |     2 ||    26
 Abil: Spit Poison       |     1 |       |       ||     1
  Use: Scroll            |       |       |     2 ||     2
 Stab: Sleeping          |     1 |     3 |     2 ||     6
Armor: Skin              |     4 |       |       ||     4
Dodge: Dodged            |     4 |       |       ||     4

Table legend: (Time is in decaauts)
 A = Elapsed time spent in this place.
 B = Non-inter-level travel time spent in this place.
 C = Inter-level travel time spent in this place.
 D = Time resting spent in this place.
 E = Time spent auto-exploring this place.
 F = Levels seen in this place.
 G = Mean time per level.
                   A        B        C        D        E       F      G
               +--------+--------+--------+--------+--------+-----+--------+
         Total |    807 |    807 |      0 |    434 |      0 |   1 |  807.0 |
       Dungeon |    807 |    807 |      0 |    434 |      0 |   1 |  807.0 |
               +--------+--------+--------+--------+--------+-----+--------+

Top non-repeatable levels by time:
       D: 807 daAuts
